 Dungeon Crawl Stone Soup version 0.23.2-30-g0e89c35649 (webtiles) character file.

Game seed: 15883932572613082928

68 shadizar the Shield-Bearer (level 4, 0/29 HPs)
             Began as a Gargoyle Fighter on June 22, 2019.
             Slain by Natasha (3 damage)
             ... on level 2 of the Dungeon.
             The game lasted 00:01:05 (938 turns).

shadizar the Shield-Bearer (Gargoyle Fighter)        Turns: 938, Time: 00:01:06

Health: 0/29       AC: 10    Str: 21    XL:     4   Next: 19%
Magic:  4/4        EV:  7    Int:  8    God:
Gold:   56         SH:  9    Dex:  9    Spells: 3/3 levels left

rFire    . . .     SeeInvis .   a - +0 flail
rCold    . . .     Gourm    .   c - +0 shield
rNeg     + . .     Faith    .   b - +0 scale mail
rPois    ∞         Spirit   .   (no helmet)
rElec    +         Reflect  .   (no cloak)
rCorr    .         Harm     .   (no gloves)
MR       .....                  (no boots)
Stlth    ..........             (no amulet)
HPRegen  0.09/turn              (no ring)
MPRegen  0.09/turn              (no ring)

@: slowed, very slow
A: negative energy resistance 1, electricity resistance, unbreathing,
petrification resistance, rot immunity, AC +3
a: no special abilities


You were on level 2 of the Dungeon.
You were hungry.

You visited 1 branch of the dungeon, and saw 2 of its levels.

You collected 56 gold pieces.

Inventory:

Hand Weapons
 a - a +0 flail (weapon)
 l - a +2 vampiric whip
Armour
 b - a +0 scale mail (worn)
 c - a +0 shield (worn)
Jewellery
 o - an uncursed ring of magical power {unknown}
Scrolls
 i - 2 scrolls of random uselessness {unknown}
 j - a scroll of fear {unknown}
 k - 2 scrolls of identify {unknown}
 m - 3 scrolls of remove curse {unknown}
Potions
 d - a potion of might
 e - a potion of curing {unknown}
 g - a potion of flight {unknown}
 h - a potion of ambrosia {unknown}
 n - 2 potions of lignification {unknown}
Comestibles
 f - a ration


   Skills:
 + Level 3.8 Fighting
 + Level 2.6 Maces & Flails
 + Level 3.7 Armour
 + Level 0.3 Dodging
 + Level 4.2 Shields


You had 3 spell levels left.
You didn't know any spells.
Your spell library contained the following spells:

 Spells                   Type           Power        Failure   Level  Hunger
 Confusing Touch          Hex            #.....       99%         1    ##.....
 Confuse                  Hex            #.......     100%        3    ####...
 Gell's Gravitas          Tloc           #.........   100%        3    ####...
 Petrify                  Tmut/Erth      #.......     100%        4    #####..
 Metabolic Englaciation   Hex/Ice        #.........   100%        5    ######.
 Yara's Violent Unravell  Hex/Tmut       #.........   100%        5    ######.


Dungeon Overview and Level Annotations

Branches:
Dungeon (2/15)

Altars:

Annotations:
D:2 Natasha


Innate Abilities, Weirdness & Mutations

You are resistant to torment.
Your stone body is resilient. (AC +3)
You are immune to poison.
You resist negative energy. (rN+)
You are resistant to electric shocks. (rElec)
You can survive without breathing.
You are immune to petrification.
You are immune to rotting.


Message History

The shadow imp hits you but does no damage.
Unknown command.
You closely miss Natasha. You block Natasha's attack.
You block the shadow imp's attack. Natasha closely misses you.
The shadow imp hits you but does no damage.
You sock Natasha!
Natasha is almost dead.
You block Natasha's attack.
The shadow imp hits you but does no damage.
Natasha claws you but does no damage.
The shadow imp hits you but does no damage.
You closely miss Natasha.
Natasha is almost dead.
You block Natasha's attack. You block the shadow imp's attack.
Natasha barely misses you.
You miss Natasha.
Natasha is almost dead.
The shadow imp hits you but does no damage.
Natasha claws you.
You die...

..# ..# ..# ###### ..#
#....# ).###....#
.........####
..###.......####### .
.##
##...........5##...#
..###...........@h...#
..#............###..##
....#.#†.......# ....
..###.#........# ###.
....#.#........#
..#.#.#..........
..#.#.######.##...
.##.....####......
...............


You could see Natasha and a shadow imp.

Vanquished Creatures
  An adder (D:2)
  2 oozes
  3 dart slugs
  2 ball pythons (D:1)
  7 bats
  2 giant cockroaches
  4 goblins
  7 hobgoblins
  3 jackals (D:1)
  2 kobolds (D:1)
  2 frilled lizards
  6 rats
41 creatures vanquished.

Notes
Turn   | Place    | Note
-------+----------+-------------------------------------------
     0 | D:1      | shadizar the Gargoyle Fighter began the quest for the Orb.
     0 | D:1      | Reached XP level 1. HP: 14/14 MP: 1/1
   144 | D:1      | Reached XP level 2. HP: 17/19 MP: 2/2
   248 | D:1      | Reached XP level 3. HP: 24/24 MP: 3/3
   325 | D:1      | Reached skill level 4 in Shields
   831 | D:2      | Reached XP level 4. HP: 25/29 MP: 4/4
   922 | D:2      | Noticed Natasha
   938 | D:2      | Slain by Natasha

Skill      XL: |  1  2  3 |
---------------+----------+-----
Shields        | 4 |  4.2
Fighting       | |  3.8
Maces & Flails | |  2.6
Armour         | |  3.7
Dodging        | |  0.3

Action                   |  1- 3 |  4- 6 || total
-------------------------+-------+-------++-------
Melee: Flail             |   151 |    38 ||   189
Armor: Scale mail        |    86 |    39 ||   125
Dodge: Dodged            |    54 |    14 ||    68
Block: Shield            |    85 |    40 ||   125
